 Dungeon Crawl Stone Soup version 0.29-a0-653-gd47aff6735 (webtiles) character file.

Game seed: 9207333503324032952

11004 ShinZimon the Thaumaturge (level 11, 0/54 HPs)
             Began as a Spriggan Conjurer on June 21, 2022.
             Was an Initiate of Sif Muna.
             Slain by an entropy weaver simulacrum (11 damage)
             ... in an ice cave on June 22, 2022.
             The game lasted 03:57:34 (16866 turns).

ShinZimon the Thaumaturge (Spriggan Conjurer)      Turns: 16866, Time: 03:57:36

Health: 0/54       AC:  5    Str:  8    XL:     11   Next: 43%
Magic:  34/34      EV: 24    Int: 28    God:    Sif Muna [......]
Gold:   126        SH:  0    Dex: 19    Spells: 7/29 levels left

rFire   . . .      SeeInvis +   u - +6 falchion of Egomania {venom, rPois rCorr Str+2 Int+4}
rCold   + . .      Faith    .   (no shield)
rNeg    + . .      Spirit   .   a - +1 robe of Divine Intervention {Fly rElec rN+ SInv}
rPois   +          Reflect  .   q - +2 hat {Stlth+}
rElec   +          Harm     .   (no cloak)
rCorr   +          Rampage  .   (gloves unavailable)
Will    ++...                   (boots unavailable)
Stlth   ++++++....              m - amulet of regeneration
HPRegen 0.98/turn               x - ring "Okhlui" {rC+ Will+ MP+9 Slay+2 Stlth+}
MPRegen 0.24/turn               K - +6 ring of dexterity

@: flying, very quick
A: very small, no large weapons, unfitting armour, see invisible, speed 3,
antennae 1, clever 1
a: Renounce Religion


You were in an ice cave.
You worshipped Sif Muna.
Sif Muna was noncommittal.
You visited 3 branches of the dungeon, and saw 13 of its levels.
You also visited: Bailey and Ice Cave.

You collected 1365 gold pieces.
You spent 1239 gold pieces at shops.

Inventory:

Hand Weapons
 b - a +5 quarterstaff of chaos
 p - a +0 shortbow of chaos
 u - the +6 falchion of Egomania (weapon) {venom, rPois rCorr Str+2 Int+4}
   (You found it on level 3 of the Dungeon)

   It poisons the flesh of those it strikes.
   Str:       It affects your strength (+2).
   Int:       It affects your intelligence (+4).
   rPois:     It protects you from poison.
   rCorr:     It protects you from acid and corrosion.
 w - the +5 mace of Zaduiff Vier {vamp, rF++ Dex+5}
   (You found it on level 4 of the Dungeon)

   It occasionally heals its wielder for a portion of the damage dealt when it
   wounds a living foe.
   Dex:       It affects your dexterity (+5).
   rF:        It greatly protects you from fire.
Missiles
 e - 35 boomerangs
 r - 18 poisoned darts
 E - 2 throwing nets
Armour
 a - the +1 robe of Divine Intervention (worn) {Fly rElec rN+ SInv}
   (You found it on level 5 of the Dungeon)

   rElec:     It insulates you from electricity.
   rN:        It protects you from negative energy.
   SInv:      It lets you see invisible.
   Fly:       It grants you flight.
 q - a +2 hat of stealth (worn)
 C - +1 acid dragon scales
Magical Staves
 n - a staff of air
Jewellery
 j - an amulet of guardian spirit
 m - an amulet of regeneration (around neck)
 x - the ring "Okhlui" (left hand) {rC+ Will+ MP+9 Slay+2 Stlth+}
   (You acquired it on level 9 of the Dungeon)

   [ring of protection from cold]

   Slay:      It affects your accuracy & damage with ranged weapons and melee
   (+2).
   rC:        It protects you from cold.
   MP:        It affects your magic capacity (+9).
   Will:      It increases your willpower.
   Stlth:     It makes you more stealthy.
 K - a +6 ring of dexterity (right hand)
Wands
 s - a wand of mindburst (17)
 t - a wand of flame (73)
 A - a wand of charming (23)
Scrolls
 c - a scroll of vulnerability {unknown}
 f - a scroll of brand weapon
 h - 2 scrolls of enchant armour
 l - a scroll of immolation {unknown}
 v - a scroll of amnesia
 H - a scroll of fog
 J - a scroll of noise {unknown}
Potions
 d - 2 potions of cancellation {unknown}
 g - a potion of experience {unknown}
 i - a potion of flight {unknown}
 o - a potion of ambrosia
 B - a potion of invisibility {unknown}
 F - a potion of lignification {unknown}
 I - 2 potions of heal wounds {unknown}


   Skills:
 - Level 4.5 Fighting
 * Level 6.9 Long Blades
 - Level 1.6(1.8) Slings
 + Level 0.6(1.1) Throwing
 * Level 9.4 Dodging
 + Level 8.2 Stealth
 + Level 9.6 Spellcasting
 + Level 7.3 Conjurations
 * Level 4.0 Hexes
 + Level 1.7 Summonings
 * Level 1.4 Translocations
 * Level 0.7 Transmutations
 * Level 0.7 Evocations


You had 7 spell levels left.
You knew the following spells:

 Your Spells              Type           Power      Damage    Failure   Level
a - Magic Dart            Conj           100%       1d8       1%          1
b - Searing Ray           Conj           100%       2d8       1%          2
c - Call Imp              Summ           23%        N/A       3%          2
d - Dazzling Flash        Conj/Hex       90%        N/A       1%          3
e - Teleport Other        Tloc           21%        N/A       7%          3
f - Fulminant Prism       Conj/Hex       22%        3d13      4%          4
g - Stone Arrow           Conj/Erth      68%        3d11      2%          3
h - Iskenderun's Mystic   Conj/Tloc      38%        2d9       7%          4

Your spell library contained the following spells:

 Spells                   Type           Power      Damage    Failure   Level
 Tukima's Dance           Hex            36%        N/A       2%          3
 Mephitic Cloud           Conj/Pois/Air  27%        N/A       4%          3
 Gell's Gravitas          Tloc           21%        N/A       7%          3
 Passage of Golubria      Tloc           21%        N/A       22%         4
 Irradiate                Conj/Tmut      18%        3d19      22%         5
 Animate Armour           Summ/Erth      36%        N/A       28%         4
 Animate Dead             Necr           13%        N/A       38%         4
 Yara's Violent Unravell  Hex/Tmut       13%        3d7       41%         5
 Blade Hands              Tmut           8%         N/A       65%         5
 Borgnjor's Vile Clutch   Necr/Erth      6%         N/A       75%         5
 Dispersal                Tloc           10%        N/A       98%         6
 Death Channel            Necr           6%         N/A       100%        6
 Dragon Form              Tmut           8%         N/A       100%        7
 Lehudib's Crystal Spear  Conj/Erth      17%        10d5      100%        8


Dungeon Overview and Level Annotations

Branches:
Dungeon (11/15)            Temple (1/1) D:5            Lair (1/6) D:8
    Orc (0/2) D:10         Bailey (visited)           IceCv (1/1)

Altars:
Ashenzari
Cheibriados
Dithmenos
Elyvilon
Fedhas
Gozag
Hepliaklqana
Kikubaaqudgha
Makhleb
Okawaru
Qazlal
Ru
Sif Muna
Trog
Uskayaw
Vehumet
Wu Jian
Xom
Yredelemnul
Zin
The Shining One
Beogh

Shops:
D:3 :=((   D:7 =

Annotations:
D:8 Pikel IceCv exclusion: 2 ice statues


Innate Abilities, Weirdness & Mutations

You are very small and have problems with some larger weapons.
You are too small for most types of armour.
You have supernaturally acute eyesight. (SInv)
You cover ground extremely quickly. (Speed+++)
You have a pair of small antennae on your head.
Your mind is acute. (Int +4, Str/Dex-1)


Message History

The entropy weaver simulacrum hits you.
The entropy weaver simulacrum freezes you!
You resist. The entropy weaver simulacrum hits you!
The entropy weaver simulacrum freezes you!
You resist.
The entropy weaver simulacrum completely misses you.
The entropy weaver simulacrum barely misses you.
There is an open door here.
You are too injured to fight recklessly!
There is an open door here.
An ice devil comes into view.
There is a broken door here.
The magic dart hits the necromancer.
The necromancer is lightly wounded.
The necromancer mumbles some strange words.
The necromancer binds the souls of nearby monsters.
The dire elephant simulacrum barely misses you.
The dire elephant simulacrum trunk-slaps you.
The dire elephant simulacrum freezes you!!
You resist.
* * * LOW HITPOINT WARNING * * *
Unknown command.
Blink to where?
Press: ? - help, Dir - move target, p - necromancer
Okay, then.
Blink to where?
Press: ? - help, Dir - move target, p - necromancer
As you read the scroll of blinking, it crumbles to dust.
Found an arbalest.
You reach down and close the door.
The entropy weaver simulacrum hits you.
The entropy weaver simulacrum freezes you!
You resist.
* * * LOW HITPOINT WARNING * * *
The entropy weaver simulacrum completely misses you. x2
The entropy weaver simulacrum hits you.
* * * LOW HITPOINT WARNING * * *
The entropy weaver simulacrum freezes you!
You resist.
You die...

##.#{ {#.#{ {#.
######8.#+#+#Z#+#+##
#.p...p.#....§....+{
#.#####.#.8.8.8.8.##
##.#[n:#.#...........
#⌠.+.⌠?#.p...........
##.#..)#.#.p.........
#.#####.#.8.8.8.8.##
#..@Z...#.........'.
######8.#'#'#4#'#'##
##.#.#.#.#.#.#
#.#####4#####.
#.'.........4.
##############


You could see an entropy weaver simulacrum.

Vanquished Creatures
  Gastronok (Lair:1)
  An orc warlord (Bailey)
  A two-headed ogre (D:10)
  A black mamba (Lair:1)
  2 cane toads (Lair:1)
  Maggie (D:7)
  5 ice devils (IceCv)
  A komodo dragon (Lair:1)
  Prince Ribbit (D:5)
  A wraith (D:10)
  Eustachio (D:5)
  3 wyverns (D:9)
  4 yaks (Lair:1)
  A steam dragon (D:7)
  Edmund (D:4)
  2 harpy simulacra (IceCv)
  2 wargs (D:8)
  4 water moccasins
  Duvessa (D:5)
  An ice beast (D:6)
  5 orc warriors
  A sky beast (D:7)
  2 ogres
  A centaur (D:8)
  Blork the orc (D:4)
  A wyvern zombie (D:7)
  2 bullfrogs
  A gnoll sergeant (D:7)
  2 necrophages
  A two-headed ogre simulacrum (IceCv)
  3 scorpions
  3 wights (D:8)
  Dowan (D:5)
  4 killer bees (D:9)
  A howler monkey (D:6)
  2 bullfrog zombies (D:7)
  4 centaur zombies (D:7)
  9 orc priests
  Crazy Yiuf (D:4)
  4 hounds
  2 iguanas (D:6)
  9 orc wizards
  A spriggan simulacrum (IceCv)
  A howler monkey zombie (D:7)
  5 gnolls
  4 adders
  A shadow imp (D:6)
  3 white imps
  3 ufetubi
  4 worms
  2 dart slugs (D:3)
  32 orcs
  10 ball pythons
  3 bats
  6 endoplasms
  A giant cockroach (D:3)
  16 goblins
  4 hobgoblins
  6 jackals
  18 kobolds
  6 quokkas
  5 frilled lizards
  5 rats
231 creatures vanquished.

Vanquished Creatures (others)
  A quokka (D:6)
  15 fulminant prisms
  2 fungi (Lair:1)
  3 plants (Lair:1)
  3 withered plants (D:2)
24 creatures vanquished.

Grand Total: 255 creatures vanquished

Notes
Turn   | Place    | Note
-------+----------+-------------------------------------------
     0 | D:1      | ShinZimon the Spriggan Conjurer began the quest for the
                  | Orb.
     0 | D:1      | Reached XP level 1. HP: 9/9 MP: 5/5
   393 | D:1      | Reached XP level 2. HP: 13/13 MP: 1/6
   483 | D:1      | Learned a level 2 spell: Searing Ray
  1164 | D:2      | Found a faded altar of an unknown god.
  1381 | D:2      | Reached XP level 3. HP: 17/17 MP: 0/8
  1401 | D:2      | Found a shadowy altar of Dithmenos.
  1900 | D:2      | Reached skill level 1 in Fighting
  2192 | D:3      | Found Jafyo's Book Emporium.
  2343 | D:3      | Reached skill level 1 in Slings
  2407 | D:3      | Reached XP level 4. HP: 22/22 MP: 5/10
  2673 | D:3      | Identified the +6 falchion of Egomania {venom, rPois rCorr
                  | Str+2 Int+4}
  2750 | D:3      | Found Daseile's Weapon Emporium.
  2785 | D:3      | Found Figrumus's Jewellery Emporium.
  3095 | D:3      | Found Syniqo's Weapon Shoppe.
  3125 | D:4      | Noticed an ogre
  3129 | D:4      | Killed an ogre
  3130 | D:4      | Reached skill level 1 in Long Blades
  3130 | D:4      | Reached XP level 5. HP: 25/25 MP: 7/11
  3362 | D:4      | Reached XP level 6. HP: 16/30 MP: 6/13
  3407 | D:4      | Noticed Edmund
  3537 | D:4      | Found a runed translucent door.
  3538 | D:4      | Noticed Crazy Yiuf
  3644 | D:4      | Identified the +5 mace of Zaduiff Vier {vamp, rF++ Dex+5}
  3824 | D:4      | Noticed Blork the orc
  3831 | D:4      | Killed Blork the orc
  4066 | D:4      | Learned a level 2 spell: Call Imp
  4293 | D:4      | Killed Crazy Yiuf
  4382 | D:4      | Killed Edmund
  4383 | D:4      | Reached XP level 7. HP: 23/35 MP: 12/15
  4415 | D:5      | Entered Level 5 of the Dungeon
  4415 | D:5      | Noticed Prince Ribbit
  4489 | D:5      | Noticed Eustachio
  4490 | D:5      | Killed Prince Ribbit
  4491 | D:5      | Reached skill level 5 in Dodging
  4491 | D:5      | Reached skill level 5 in Spellcasting
  4591 | D:5      | Killed Eustachio
  4731 | D:5      | Found a staircase to the Ecumenical Temple.
  4733 | D:5      | Noticed Dowan
  4734 | D:5      | Noticed Duvessa
  5130 | D:5      | Killed Duvessa
  5131 | D:5      | Reached XP level 8. HP: 27/39 MP: 9/17
  5151 | D:5      | Killed Dowan
  5244 | D:5      | Identified the +1 robe of Divine Intervention {Fly rElec
                  | rN+ SInv}
  5284 | D:5      | Found a snail-covered altar of Cheibriados.
  5596 | Temple   | Entered the Ecumenical Temple
  6113 | D:5      | Found a shimmering blue altar of Sif Muna.
  6487 | D:6      | Found a white marble altar of Elyvilon.
  6813 | D:6      | Reached skill level 1 in Summonings
  6829 | D:6      | Reached skill level 5 in Conjurations
  7460 | D:7      | Found a broken altar of Ashenzari.
  7473 | D:7      | Found a sacrificial altar of Ru.
  7517 | D:7      | Noticed Maggie
  7536 | D:7      | Killed Maggie
  7537 | D:7      | Reached XP level 9. HP: 14/44 MP: 2/20
  8132 | D:7      | Reached skill level 5 in Long Blades
  8215 | D:7      | Found Xefyoton's Jewellery Boutique.
  8277 | D:7      | Found a basalt altar of Yredelemnul.
  8508 | D:7      | Learned a level 3 spell: Dazzling Flash
  8512 | D:7      | Learned a level 3 spell: Tukima's Dance
  8517 | D:7      | Learned a level 4 spell: Fulminant Prism
  8651 | D:8      | Identified the +3 leather armour of the Sun {rCorr Dex-3
                  | Slay+5 SInv}
  8967 | D:8      | Noticed Pikel
  8977 | D:8      | Found a staircase to the Lair.
  8989 | D:8      | Found a flagged portal.
  8997 | Bailey   | Entered a bailey
  9189 | Bailey   | Noticed an orc warlord
  9916 | Bailey   | Found a runed translucent gate.
  9917 | Bailey   | Found a runed translucent gate.
  9918 | Bailey   | Found a runed translucent gate.
 10078 | Bailey   | Killed an orc warlord
 10079 | Bailey   | Reached skill level 5 in Stealth
 10079 | Bailey   | Reached XP level 10. HP: 50/50 MP: 12/22
 10643 | D:8      | Learned a level 3 spell: Stone Arrow
 10928 | Lair:1   | Entered Level 1 of the Lair of Beasts
 11239 | Lair:1   | Noticed a cane toad
 11255 | Lair:1   | Killed a cane toad
 11256 | Lair:1   | Reached skill level 1 in Hexes
 11388 | Lair:1   | Learned a level 4 spell: Iskenderun's Mystic Blast
 11438 | Lair:1   | Noticed Gastronok
 11502 | Lair:1   | Killed Gastronok
 11662 | Lair:1   | Noticed a cane toad
 11682 | Lair:1   | Killed a cane toad
 11917 | Lair:1   | Noticed a black mamba
 11924 | Lair:1   | Killed a black mamba
 12021 | Lair:1   | Noticed a black mamba
 12068 | Lair:1   | Reached XP level 11. HP: 48/54 MP: 8/24
 12195 | D:9      | Acquired the ring "Okhlui" {rC+ Will+ MP+9 Slay+2 Stlth+}
 12198 | D:9      | Acquired 888 gold pieces
 12579 | D:7      | Bought an amulet of regeneration for 420 gold pieces
 12653 | D:5      | Became a worshipper of Sif Muna the Loreminder
 12900 | D:3      | Bought a +6 ring of dexterity for 819 gold pieces
 13778 | D:4      | Gained mutation: Your magical capacity is low. (-10% MP)
                  | [potion of mutation]
 13778 | D:4      | Gained mutation: Your magical capacity is very low. (-20%
                  | MP) [potion of mutation]
 14380 | D:4      | Lost mutation: Your magical capacity is very low. (-20% MP)
                  | [potion of mutation]
 14380 | D:4      | Lost mutation: Your magical capacity is low. (-10% MP)
                  | [potion of mutation]
 14380 | D:4      | Gained mutation: Your mind is acute. (Int +4, Str/Dex-1)
                  | [potion of mutation]
 14380 | D:4      | Gained mutation: You have a pair of small antennae on your
                  | head. [potion of mutation]
 14507 | D:9      | Learned a level 3 spell: Teleport Other
 15116 | D:9      | Found a hide-covered altar of Uskayaw.
 15116 | D:9      | Found a hazy altar of Hepliaklqana.
 15974 | D:10     | Entered Level 10 of the Dungeon
 15977 | D:10     | Found a shimmering altar of Xom.
 15982 | D:10     | Noticed a two-headed ogre
 16006 | D:10     | Killed a two-headed ogre
 16334 | D:11     | Found a frozen archway.
 16344 | IceCv    | Entered an ice cave
 16487 | IceCv    | Noticed a bog body
 16487 | IceCv    | Noticed a necromancer
 16620 | IceCv    | Reached skill level 1 in Translocations
 16866 | IceCv    | Slain by an entropy weaver simulacrum

Illustrated notes

Levels and vault maps discovered:
D:1:      nagdon_arrival_double_spiral, layout_basic, minmay_pentomino_p2
D:2:      layout_basic, shapermc_ecumenical_altar_flowoftime, basic_altar
D:3:      layout_basic, serial_shops, shop, shop_statue,
          nicolae_shop_window_shopping, shop, grunt_decor_arrowhead, minivault_5
D:4:      layout_layer_cave, minivault_25, chequers_serial_rivers_micro_b,
          uniq_blork_the_orc, uniq_edmund, uniq_crazy_yiuf_cottage
D:5:      layout_gridville, kennysheep_orc_sif_temple, slow_altar_1,
          temple_pool_b, uniq_prince_ribbit1, uniq_duvessa, uniq_eustachio
D:6:      layout_basic, elyvilon_altar_4, minmay_misc_feat_iff
D:7:      layout_basic, general_overflow_altar,
          nicolae_yredelemnul_corpse_copse, mainiacjoe_overflow_swirl,
          serial_shops, shop, uniq_maggie
D:8:      layout_basic, erik_lair_orcish_takeover, enter_bailey_5, uniq_pikel
D:9:      layout_long_grid, amethyst_overflow_temple_binary, hex_medium,
          minmay_door_square, david_defended_altar_orc
D:10:     layout_roguey, mainiacjoe_overflow_boulevard, orc_david_3
D:11:     layout_roguey, portal_ice_cave_demonic_guard
Temple:   minmay_temple_bridge_abc
Lair:1:   layout_gridlike, grunt_megastairs_2, serial_bayou_shore_a,
          uniq_gastronok
IceCv:    ice_cave_tombish

Skill      XL: |  1  2  3  4  5  6  7  8  9 10 11 |
---------------+----------------------------------+-----
Conjurations   | 3 4 5 6 7 |  7.3
Spellcasting   | 3 4 5 6 7 8 9 |  9.6
Dodging        | 3 4 5 6 7 8 9 |  9.4
Fighting       | 1 2 3 4 |  4.5
Slings         | 1 |  1.6
Long Blades    | 1 2 3 4 5 6 |  6.9
Stealth        | 4 5 7 8 |  8.2
Summonings     | 1 |  1.7
Hexes          | 3 4 |  4.0
Translocations | 1 |  1.4
Throwing       | |  0.6
Transmutations | |  0.7
Evocations     | |  0.7

Action                   |  1- 3 |  4- 6 |  7- 9 | 10-12 || total
-------------------------+-------+-------+-------+-------++-------
Melee: Whip              |    33 |       |       |       ||    33
       Falchion          |       |    34 |   134 |   174 ||   342
       Punch             |       |       |     1 |     3 ||     4
 Fire: Hunting sling     |    39 |     8 |       |       ||    47
Throw: Dart              |       |       |     1 |       ||     1
       Boomerang         |       |       |     1 |       ||     1
       Throwing net      |       |       |     2 |       ||     2
 Cast: Magic Dart        |    80 |    89 |   337 |   245 ||   751
       Searing Ray       |       |     2 |     1 |     3 ||     6
       Call Imp          |       |     1 |     7 |     3 ||    11
       Fulminant Prism   |       |       |       |    15 ||    15
       Stone Arrow       |       |       |       |     4 ||     4
       Tukima's Dance    |       |       |       |     1 ||     1
       Teleport Other    |       |       |       |     3 ||     3
       Dazzling Flash    |       |       |       |     2 ||     2
Evoke: Wand              |       |       |    15 |     8 ||    23
  Use: Scroll            |     1 |     5 |    11 |    13 ||    30
       Potion            |       |     3 |     3 |     4 ||    10
 Stab: Sleeping          |       |     1 |       |       ||     1
Armor: Robe              |     4 |     5 |    14 |    13 ||    36
Dodge: Dodged            |    41 |    30 |   127 |   210 ||   408

Table legend: (Time is in decaauts)
 A = Elapsed time spent in this place.
 B = Non-inter-level travel time spent in this place.
 C = Inter-level travel time spent in this place.
 D = Time resting spent in this place.
 E = Time spent auto-exploring this place.
 F = Levels seen in this place.
 G = Mean time per level.
                   A        B        C        D        E       F      G
               +--------+--------+--------+--------+--------+-----+--------+
         Total |  13160 |  13160 |      0 |   5696 |      0 |  15 |  877.3 |
       Dungeon |  10263 |  10263 |      0 |   4172 |      0 |  11 |  933.0 |
        Temple |    344 |    344 |      0 |    200 |      0 |   1 |  344.0 |
          Lair |    986 |    986 |      0 |    501 |      0 |   1 |  986.0 |
        Bailey |   1171 |   1171 |      0 |    729 |      0 |   1 | 1171.0 |
      Ice Cave |    394 |    394 |      0 |     94 |      0 |   1 |  394.0 |
               +--------+--------+--------+--------+--------+-----+--------+

Top non-repeatable levels by time:
     D:4: 1901 daAuts
     D:3: 1536 daAuts
     D:9: 1510 daAuts
  Bailey: 1171 daAuts
     D:7: 1119 daAuts
  Lair:1: 986 daAuts
     D:5: 916 daAuts
     D:8: 886 daAuts
     D:1: 770 daAuts
     D:6: 726 daAuts
     D:2: 617 daAuts
   IceCv: 394 daAuts
  Temple: 344 daAuts
    D:10: 226 daAuts
    D:11: 52 daAuts
